 Dungeon Sprint DCSS version 0.19.0-24-gb05acd6 (webtiles) character file.

13100000 igo the Axe Maniac (level 27, -156/273 HPs)
             Began as a Ghoul Artificer on Nov 22, 2016.
             Was the Champion of Makhleb.
             Annihilated by a fleshlord
             ... wielding a +9 great mace
              (314 damage)
             ... in the Dungeon (Sprint VIII: "Arena of Blood").
             The game lasted 00:05:10 (131 turns).

igo the Axe Maniac (Ghoul Artificer)                 Turns: 131, Time: 00:05:10

Health: -156/273   AC:  6    Str: 23    XL:     27
Magic:  32/53      EV: 16    Int:  6    God:    Makhleb [******]
Gold:   0          SH:  0    Dex: 15    Spells: 0 memorised, 80 levels left

rFire  . . .     SeeInvis +     m - +∞ Axe of Woe
rCold  + . .     Gourm    .     b - +0 leather armour
rNeg   + + +     Faith    .     (shield currently unavailable)
rPois  ∞         Spirit   .     (no helmet)
rElec  .         Reflect  .     (no cloak)
rCorr  .         Harm     .     (no gloves)
MR     ++...     NoTele   +     (no boots)
Stlth  +++++++++.               (no amulet)
                                (no ring)
                                n - ring of see invisible

@: held, rotting
A: rotting body, claws 1, carnivore 3, cold resistance 1, negative energy
resistance 3, slow regeneration 1, torment resistance, unbreathing
a: Minor Destruction, Lesser Servant of Makhleb, Major Destruction, Greater
Servant of Makhleb, Renounce Religion


You were in the Dungeon.
You worshipped Makhleb.
Makhleb was exalted by your worship.
You were not hungry.

You visited 1 branch

Inventory:

Hand Weapons
 a - a +0 short sword
 m - the +∞ Axe of Woe (weapon)
   (You found it in the Dungeon)
Armour
 b - a +0 leather armour (worn)
Jewellery
 n - a ring of see invisible (left claw)
Wands
 c - a wand of flame (15/48)
 d - a wand of enslavement (15/24)
 e - a wand of random effects (15/48)
Scrolls
 l - a scroll of blinking
Potions
 g - a potion of curing
 h - a potion of heal wounds
 i - a potion of haste
 j - 2 potions of magic
 k - a potion of berserk rage
Comestibles
 f - a meat ration


   Skills:
 O Level 27 Fighting
 O Level 27 Short Blades
 O Level 27 Axes
 O Level 27 Throwing
 O Level 27 Armour
 O Level 27 Dodging
 O Level 27 Stealth
 O Level 27 Unarmed Combat
 O Level 27 Spellcasting
 O Level 27 Invocations
 O Level 27 Evocations


You had 80 spell levels left.
You didn't know any spells.

Dungeon Overview and Level Annotations

Branches:
Dungeon (1/1)

Altars:
Makhleb

Annotations:
D The Captor


Innate Abilities, Weirdness & Mutations

Your body is rotting away.
You thrive on raw meat.
You are immune to poison.
You have sharp fingernails.
You are carnivorous and can eat meat at any time.
Your flesh is cold resistant. (rC+)
You are immune to negative energy. (rN+++)
You regenerate slowly when monsters are visible.
You are immune to unholy pain and torment.
You can survive without breathing.


Message History

The accursed hits you!!
You hear a shout!
Unknown command.
You struggle to detach yourself from the web.
You hear a shout!
The Captor hits you with a +9 triple sword of slicing!
You hear a shout! x3
The accursed hits you!
The fleshlord appears out of thin air!
A fleshlord comes into view. It is wielding a +9 great mace.
The fleshlord shouts!
A small abomination comes into view.
You struggle to detach yourself from the web.
You hear a shout! x3
The Captor points at you and mumbles some strange words.
The stream of webbing hits you!
You are even more entangled.
You hear a shout! x4
The accursed hits you!!
The fleshlord hits you with a +9 great mace!!!!!!
Ouch! That really hurt!
You die...

#################
##..........%.%)p####
....%....x.%.)))@@S.#
.....%##%##%#####MX....#
...%.....z......ooS......
###.§§xx##.##.....x......
.....o)§)......D%........
...§§.§xXz#.#.......#....
.....x)z)....%..%.####...
#.....).x.o........ ...
.#....))))......


You could see an accursed, 2 scourges, a fleshlord, a large abomination, The
Captor, 2 small abominations and a bag of meat.

Vanquished Creatures
  7 hell beasts (D)
  3 greater mummies (D)
  4 great orbs of eyes (D)
  4 wraiths (D)
  8 vampire knights (D)
  25 ogres (D)
  5 liches (D)
  3 hydras (D)
  48 orcs (D)
  4 phantoms (D)
  6 hill giants (D)
  5 skeletal warriors (D)
  A sea snake (D)
  3 large abominations (D)
  2 small abominations (D)
  4 crawling corpses (D)
132 creatures vanquished.

Vanquished Creatures (others)
  4 crawling corpses (D)
4 creatures vanquished.

Grand Total: 136 creatures vanquished

Notes
Turn   | Place    | Note
-------+----------+-------------------------------------------
     0 | D        | igo the Ghoul Artificer began the quest for the Orb.
     0 | D        | Reached XP level 1. HP: 16/16 MP: 1/1
     3 | D        | Noticed a bag of meat
     3 | D        | Noticed a bag of meat
     4 | D        | Became a worshipper of Makhleb the Destroyer
     5 | D        | Noticed a bag of meat
     7 | D        | Noticed a meat berserker
     8 | D        | Noticed a bag of meat
     9 | D        | Noticed a meat berserker
     9 | D        | Noticed a bag of meat
    10 | D        | Noticed a bag of meat
    10 | D        | Noticed a meat berserker
    11 | D        | Noticed a bag of meat
    11 | D        | Noticed a bag of meat
    11 | D        | Killed a bag of meat
    11 | D        | Reached skill level 10 in Dodging
    11 | D        | Reached skill level 10 in Evocations
    11 | D        | Reached XP level 2. HP: 40/40 MP: 1/7
    11 | D        | Reached XP level 3. HP: 47/47 MP: 1/9
    11 | D        | Reached XP level 4. HP: 55/55 MP: 1/10
    11 | D        | Reached XP level 5. HP: 61/61 MP: 1/12
    11 | D        | Reached XP level 6. HP: 68/68 MP: 1/13
    11 | D        | Reached XP level 7. HP: 74/74 MP: 1/14
    11 | D        | Reached XP level 8. HP: 82/82 MP: 1/15
    11 | D        | Reached XP level 9. HP: 89/89 MP: 1/16
    11 | D        | Reached XP level 10. HP: 96/96 MP: 1/17
    11 | D        | Reached XP level 11. HP: 103/103 MP: 1/18
    11 | D        | Reached XP level 12. HP: 110/110 MP: 1/19
    11 | D        | Noticed a bag of meat
    11 | D        | Noticed a bag of meat
    11 | D        | Noticed a bag of meat
    12 | D        | Noticed a bag of meat
    12 | D        | Noticed a bag of meat
    12 | D        | Noticed a bag of meat
    12 | D        | Noticed a bag of meat
    12 | D        | Noticed a bag of meat
    12 | D        | Noticed a bag of meat
    12 | D        | Killed a bag of meat
    12 | D        | Reached * piety under Makhleb
    12 | D        | Reached skill level 15 in Axes
    12 | D        | Reached XP level 13. HP: 73/122 MP: 1/21
    12 | D        | Killed a meat berserker
    12 | D        | Reached skill level 15 in Fighting
    12 | D        | Reached skill level 15 in Invocations
    12 | D        | Reached XP level 14. HP: 81/135 MP: 1/24
    12 | D        | Noticed a bag of meat
    13 | D        | Noticed a bag of meat
    13 | D        | Noticed a bag of meat
    13 | D        | Noticed a bag of meat
    13 | D        | Noticed a meat berserker
    13 | D        | Killed a meat berserker
    13 | D        | Reached XP level 15. HP: 104/147 MP: 1/26
    13 | D        | Killed a meat berserker
    13 | D        | Reached ** piety under Makhleb
    13 | D        | Reached skill level 15 in Armour
    13 | D        | Reached skill level 15 in Dodging
    13 | D        | Reached XP level 16. HP: 112/159 MP: 1/28
    14 | D        | Noticed a meat berserker
    15 | D        | Reached XP level 17. HP: 168/168 MP: 2/29
    15 | D        | Reached *** piety under Makhleb
    16 | D        | Noticed a meat berserker
    16 | D        | Noticed a meat berserker
    16 | D        | Killed a meat berserker
    16 | D        | Reached XP level 18. HP: 183/183 MP: 2/31
    16 | D        | Reached **** piety under Makhleb
    16 | D        | Reached XP level 19. HP: 195/195 MP: 2/33
    17 | D        | Reached skill level 27 in Axes
    17 | D        | Reached ***** piety under Makhleb
    18 | D        | Noticed a meat berserker
    18 | D        | Killed a meat berserker
    18 | D        | Reached skill level 27 in Stealth
    18 | D        | Reached XP level 20. HP: 212/212 MP: 2/35
    20 | D        | Noticed a destroyer
    20 | D        | Reached skill level 27 in Fighting
    20 | D        | Reached skill level 27 in Invocations
    20 | D        | Reached XP level 21. HP: 224/224 MP: 2/37
    22 | D        | Killed a meat berserker
    22 | D        | Reached ****** piety under Makhleb
    22 | D        | Reached skill level 27 in Dodging
    22 | D        | Reached skill level 27 in Evocations
    22 | D        | Reached skill level 27 in Armour
    22 | D        | Reached skill level 5 in Throwing
    22 | D        | Reached skill level 10 in Unarmed Combat
    22 | D        | Killed a meat berserker
    22 | D        | Reached skill level 15 in Spellcasting
    22 | D        | Reached XP level 22. HP: 233/233 MP: 3/40
    22 | D        | Reached skill level 15 in Short Blades
    22 | D        | Reached skill level 15 in Throwing
    26 | D        | Reached XP level 23. HP: 240/240 MP: 4/46
    32 | D        | Killed a destroyer
    32 | D        | Reached skill level 27 in Spellcasting
    32 | D        | Reached XP level 24. HP: 77/249 MP: 5/53
    33 | D        | Reached skill level 27 in Unarmed Combat
    34 | D        | Reached skill level 27 in Short Blades
    34 | D        | Reached skill level 27 in Throwing
    39 | D        | Reached XP level 25. HP: 257/257 MP: 8/53
    43 | D        | Noticed a destroyer
    45 | D        | Killed a destroyer
    47 | D        | Noticed an accursed
    52 | D        | Killed an accursed
    52 | D        | Reached XP level 26. HP: 191/266 MP: 11/53
    54 | D        | Noticed a tyrant
    55 | D        | Noticed a tyrant
    55 | D        | Reached XP level 27. HP: 273/273 MP: 12/53
    59 | D        | Noticed a destroyer
    60 | D        | Noticed a tyrant
    62 | D        | Noticed a tyrant
    63 | D        | Noticed a destroyer
    66 | D        | Noticed a destroyer
    66 | D        | Killed a destroyer
    67 | D        | Killed a tyrant
    68 | D        | Noticed a destroyer
    68 | D        | Killed a tyrant
    69 | D        | Killed a destroyer
    70 | D        | Killed a destroyer
    72 | D        | Noticed a meat beast
    74 | D        | Killed a tyrant
    75 | D        | Noticed a dread
    75 | D        | Noticed a meat beast
    75 | D        | Killed a destroyer
    78 | D        | Killed a meat beast
    79 | D        | Killed a tyrant
    81 | D        | Killed a meat beast
    83 | D        | Killed a dread
    84 | D        | Noticed a meat beast
    87 | D        | Noticed a dread
    87 | D        | Killed a meat beast
    92 | D        | Noticed a destroyer
    93 | D        | Noticed a meat beast
    95 | D        | Killed a destroyer
    96 | D        | Noticed a dread
    96 | D        | Noticed a tyrant
    96 | D        | Noticed a meat beast
    98 | D        | Noticed a meat beast
   101 | D        | Killed a meat beast
   102 | D        | Noticed a meat beast
   102 | D        | Killed a meat beast
   103 | D        | Noticed a dread
   104 | D        | Killed a dread
   105 | D        | Killed a meat beast
   109 | D        | Noticed an accursed
   109 | D        | Noticed a destroyer
   110 | D        | Noticed an accursed
   111 | D        | Killed a meat beast
   112 | D        | Killed a tyrant
   112 | D        | Killed a dread
   115 | D        | Killed an accursed
   115 | D        | Killed a dread
   116 | D        | Killed a destroyer
   117 | D        | Noticed an accursed
   118 | D        | Noticed The Captor
   126 | D        | Killed an accursed
   130 | D        | Noticed a fleshlord
   131 | D        | Annihilated by a fleshlord

Skill      XL: |  1  2  3  4  5  6  7  8  9 10 11 12 13 14 15 16 17 18 19 20 21 22 23 24 |
---------------+-------------------------------------------------------------------------+-----
Fighting       | 11 13 15 17 18 19 21 23 25 27 | 27.0
Axes           | 13 15 18 19 21 22 25 26 27 | 27.0
Armour         | 9 11 13 14 15 16 18 20 22 25 27 | 27.0
Dodging        | 10 11 13 14 15 17 18 20 22 25 27 | 27.0
Stealth        | 12 14 16 18 19 21 23 24 27 | 27.0
Invocations    | 11 13 15 17 18 19 21 23 25 27 | 27.0
Evocations     | 10 11 13 14 16 17 18 20 22 25 27 | 27.0
Short Blades   | 12 16 22 27 | 27.0
Throwing       | 12 16 22 27 | 27.0
Unarmed Combat | 14 19 25 27 | 27.0
Spellcasting   | 15 20 27 | 27.0

Action                   |  1- 3 |  4- 6 |  7- 9 | 10-12 | 13-15 | 16-18 | 19-21 | 22-24 | 25-27 || total
-------------------------+-------+-------+-------+-------+-------+-------+-------+-------+-------++-------
Melee: Executioner's axe |     1 |       |       |     1 |     1 |     2 |     4 |     8 |    66 ||    83
Armor: Leather armour    |       |       |       |       |       |       |     1 |       |     1 ||     2
Dodge: Dodged            |       |       |       |     1 |     1 |       |     1 |       |    12 ||    15
